[ AOE2 MATCH · #463578288 ]
Team RMPersians vs Saracens
[ REPLAY ANALYSIS · EXTRACTED FROM THE RECORDED GAME ]
Feudal
10:51
Castle
14:39
Imperial
27:47
| APM avg | 38.6 |
| APM peak | 78 |
| eAPM avg | 25.3 |
| Villagers / military | 188 / 431 |
Focus
⚔️ 33.6% · 🌾 66.4%
Knight ×210 · Scout Cavalry ×90 · Hand Cannoneer ×65 · Archer ×29 · Battering Ram ×17 · War Elephant ×11
Feudal
13:14
Castle
17:09
Imperial
21:49
| APM avg | 21.8 |
| APM peak | 48 |
| eAPM avg | 10.9 |
| Villagers / military | 86 / 100 |
Focus
⚔️ 30.6% · 🌾 69.4%
Hand Cannoneer ×82 · Scout Cavalry ×9 · Bombard Cannon ×9
Feudal
10:54
Castle
15:20
Imperial
33:14
| APM avg | 24.7 |
| APM peak | 59 |
| eAPM avg | 17.7 |
| Villagers / military | 172 / 199 |
Focus
⚔️ 34.7% · 🌾 65.3%
Scout Cavalry ×126 · Mameluke ×73 · Trade Cart ×14
Feudal
10:36
Castle
14:46
Imperial
34:21
| APM avg | 35.9 |
| APM peak | 109 |
| eAPM avg | 11.8 |
| Villagers / military | 123 / 107 |
Focus
⚔️ 19.4% · 🌾 80.6%
Knight ×99 · Throwing Axeman ×8
Feudal
10:41
Castle
15:30
Imperial
32:56
| APM avg | 25.0 |
| APM peak | 49 |
| eAPM avg | 15.7 |
| Villagers / military | 126 / 332 |
Focus
⚔️ 36.6% · 🌾 63.4%
Knight ×184 · Spearman ×131 · Trebuchet (Packed) ×12 · Monk ×4 · Militia ×1
Feudal
12:06
Castle
16:51
Imperial
34:25
| APM avg | 34.1 |
| APM peak | 91 |
| eAPM avg | 14.7 |
| Villagers / military | 122 / 188 |
Focus
⚔️ 51.5% · 🌾 48.5%
Longbowman ×104 · Spearman ×66 · Trebuchet (Packed) ×18
Feudal
12:19
Castle
18:19
Imperial
29:11
| APM avg | 25.1 |
| APM peak | 63 |
| eAPM avg | 17.8 |
| Villagers / military | 184 / 276 |
Focus
⚔️ 45.2% · 🌾 54.8%
Spearman ×141 · Skirmisher ×95 · Conquistador ×31 · Trebuchet (Packed) ×8 · Archer ×1
Feudal
11:49
Castle
17:07
Imperial
39:04
| APM avg | 27.7 |
| APM peak | 55 |
| eAPM avg | 18.7 |
| Villagers / military | 174 / 250 |
Focus
⚔️ 35.4% · 🌾 64.6%
Kamayuk ×219 · Trade Cart ×57 · Petard ×11 · Monk ×7 · Battering Ram ×7 · Mangonel ×6
Match map
Initial resources + every placement click. Lines = walls · curves = elevation contours. ◆ gold · ⬟ stone · ● berries · ✦ relic · ◌ wall gap
Your base· ✓ Closed at 14:39 · 0t walls · 3 gate(s)
[TP] Maxigaarp's base· ✓ Closed at 17:09 · 0t walls · 3 gate(s)
Nemerox's base· ✓ Closed at 15:20 · 0t walls · 3 gate(s)
[TP] TheZizar's base· ✓ Closed at 14:46 · 0t walls · 2 gate(s)
Liiiii's base· ✓ Closed at 15:30 · 0t walls · 2 gate(s)
islesofurth's base· ✓ Closed at 16:51 · 11t walls · 3 gate(s)
三只蚂蚁国际集运's base· ✓ Closed at 18:19 · 0t walls · 2 gate(s)
the black fella's base· ✓ Closed at 17:07 · 0t walls · 2 gate(s)
Smoothed initial terrain · ◌ = detected wall gap · hover for details
Inputs per minute
— diudiudiu丶 - - [TP] Maxigaarp
Build order — diudiudiu丶
First 150 of 487 actions detected
| 0:02 | Build | House |
| 0:04 | Build | House |
| 0:27 | Create | Villager (Male) |
| 0:27 | Create | Villager (Male) |
| 0:27 | Create | Villager (Male) |
| 0:38 | Create | Villager (Male) |
| 0:38 | Create | Villager (Male) |
| 1:26 | Create | Villager (Male) |
| 1:27 | Create | Villager (Male) |
| 2:06 | Build | Lumber Camp |
| 2:43 | Create | Villager (Male) |
| 2:43 | Create | Villager (Male) |
| 2:54 | Build | House |
| 2:56 | Build | House |
| 3:04 | Create | Villager (Male) |
| 3:04 | Create | Villager (Male) |
| 3:04 | Create | Villager (Male) |
| 3:15 | Create | Villager (Male) |
| 3:27 | Create | Villager (Male) |
| 3:28 | Create | Villager (Male) |
| 3:57 | Create | Villager (Male) |
| 3:57 | Create | Villager (Male) |
| 4:38 | Create | Villager (Male) |
| 4:38 | Create | Villager (Male) |
| 5:30 | Build | Mill |
| 5:37 | Build | Mill |
| 5:40 | Create | Villager (Male) |
| 5:40 | Create | Villager (Male) |
| 6:19 | Create | Villager (Male) |
| 6:21 | Create | Villager (Male) |
| 7:34 | Create | Villager (Male) |
| 7:38 | Build | Mining Camp |
| 7:41 | Create | Villager (Male) |
| 7:42 | Create | Villager (Male) |
| 8:33 | Build | Farm |
| 8:36 | Research | Feudal Age |
| 8:36 | Create | Villager (Male) |
| 8:36 | Create | Villager (Male) |
| 8:41 | Build | House |
| 8:43 | Build | House |
| 10:51 | Age | Feudal Age |
| 10:54 | Build | Market |
| 10:57 | Build | Blacksmith |
| 11:14 | Build | Farm |
| 11:43 | Build | Farm |
| 11:51 | Research | Loom |
| 12:06 | Research | Castle Age |
| 12:06 | Research | Castle Age |
| 12:18 | Build | Farm |
| 12:51 | Build | Farm |
| 13:00 | Research | Double-Bit Axe |
| 13:00 | Research | Double-Bit Axe |
| 13:21 | Build | Farm |
| 13:30 | Research | Horse Collar |
| 13:30 | Research | Horse Collar |
| 13:55 | Research | Wheelbarrow |
| 13:56 | Create | Villager (Male) |
| 14:39 | Age | Castle Age |
| 14:44 | Build | Monastery |
| 14:45 | Research | Bow Saw |
| 14:46 | Research | Bow Saw |
| 14:54 | Create | Villager (Male) |
| 14:56 | Build | Farm |
| 15:29 | Create | Monk |
| 15:43 | Create | Villager (Male) |
| 15:47 | Build | Town Center |
| 16:06 | Create | Villager (Male) |
| 16:09 | Build | Farm |
| 16:09 | Build | Farm |
| 16:09 | Build | Farm |
| 16:10 | Build | Farm |
| 16:37 | Create | Villager (Male) ×4 |
| 16:44 | Create | Villager (Male) ×2 |
| 16:48 | Build | Farm |
| 16:48 | Build | Farm |
| 16:48 | Build | Farm |
| 16:49 | Build | Farm |
| 16:49 | Build | Farm |
| 16:49 | Build | Farm |
| 16:49 | Build | Farm |
| 16:58 | Build | Farm |
| 17:06 | Create | Villager (Male) |
| 17:12 | Create | Villager (Male) |
| 17:18 | Build | House |
| 17:20 | Build | House |
| 17:21 | Build | House |
| 17:23 | Build | House |
| 17:28 | Build | Farm |
| 17:29 | Build | Farm |
| 17:29 | Build | Farm |
| 17:29 | Build | Farm |
| 17:29 | Build | Farm |
| 17:34 | Create | Villager (Male) ×2 |
| 17:47 | Create | Villager (Male) |
| 18:14 | Build | Farm |
| 18:14 | Build | Farm |
| 18:14 | Build | Farm |
| 18:15 | Build | Farm |
| 18:15 | Build | Farm |
| 18:19 | Create | Villager (Male) ×3 |
| 18:31 | Create | Villager (Male) |
| 18:51 | Create | Villager (Male) |
| 18:52 | Create | Villager (Male) |
| 18:57 | Build | Town Center |
| 19:03 | Build | Farm |
| 19:03 | Build | Farm |
| 19:03 | Build | Farm |
| 19:07 | Create | Villager (Male) |
| 19:14 | Create | Villager (Male) ×2 |
| 19:22 | Build | Farm |
| 19:22 | Build | Farm |
| 19:22 | Build | Farm |
| 19:23 | Build | Farm |
| 19:23 | Build | Farm |
| 19:38 | Create | Villager (Male) ×3 |
| 19:56 | Create | Villager (Male) |
| 19:56 | Create | Villager (Male) |
| 20:02 | Build | Farm |
| 20:02 | Build | Farm |
| 20:02 | Build | Farm |
| 20:03 | Build | Farm |
| 20:03 | Build | Farm |
| 20:03 | Build | Farm |
| 20:12 | Create | Villager (Male) ×3 |
| 20:45 | Create | Villager (Male) |
| 21:02 | Create | Villager (Male) |
| 21:02 | Create | Villager (Male) |
| 21:05 | Build | Farm |
| 21:11 | Build | Town Center |
| 21:43 | Build | Farm |
| 21:43 | Build | Farm |
| 21:43 | Build | Farm |
| 21:44 | Build | Farm |
| 21:51 | Create | Villager (Male) ×5 |
| 22:25 | Build | Farm |
| 22:25 | Build | Farm |
| 22:25 | Build | Farm |
| 22:35 | Create | Villager (Male) ×5 |
| 22:41 | Build | House |
| 22:43 | Build | House |
| 22:49 | Build | House |
| 22:51 | Build | House |
| 22:52 | Build | House |
| 22:52 | Build | House |
| 23:02 | Create | Villager (Male) ×5 |
| 23:11 | Build | Farm |
| 23:11 | Build | Farm |
| 23:11 | Build | Farm |
| 23:40 | Build | Mining Camp |
| 24:02 | Create | Villager (Male) ×5 |
Build order — [TP] Maxigaarp
First 150 of 221 actions detected
| 0:01 | Create | Villager (Male) |
| 0:01 | Create | Villager (Male) |
| 0:01 | Create | Villager (Male) |
| 0:03 | Build | House |
| 0:06 | Build | House |
| 0:26 | Create | Villager (Male) |
| 0:27 | Create | Villager (Male) |
| 1:47 | Build | Lumber Camp |
| 1:49 | Create | Villager (Male) |
| 1:49 | Create | Villager (Male) |
| 1:49 | Create | Villager (Male) |
| 2:38 | Create | Villager (Male) |
| 2:38 | Create | Villager (Male) |
| 2:59 | Create | Villager (Male) |
| 2:59 | Create | Villager (Male) |
| 3:33 | Create | Villager (Male) |
| 4:08 | Create | Villager (Male) |
| 4:08 | Create | Villager (Male) |
| 4:24 | Build | Mill |
| 4:28 | Build | House |
| 4:30 | Build | House |
| 4:45 | Research | Loom |
| 5:02 | Build | House |
| 5:05 | Create | Villager (Male) |
| 5:39 | Create | Villager (Male) |
| 5:39 | Create | Villager (Male) |
| 5:41 | Create | Villager (Male) |
| 5:41 | Create | Villager (Male) |
| 5:42 | Create | Villager (Male) |
| 6:09 | Create | Villager (Male) |
| 6:10 | Create | Villager (Male) |
| 6:57 | Build | Mining Camp |
| 7:11 | Build | Lumber Camp |
| 7:13 | Create | Villager (Male) |
| 7:13 | Create | Villager (Male) |
| 7:23 | Create | Villager (Male) |
| 7:23 | Create | Villager (Male) |
| 7:30 | Create | Villager (Male) |
| 7:31 | Create | Villager (Male) |
| 7:39 | Create | Villager (Male) |
| 7:39 | Create | Villager (Male) |
| 8:09 | Create | Villager (Male) |
| 8:09 | Create | Villager (Male) |
| 8:39 | Create | Villager (Male) |
| 8:40 | Create | Villager (Male) |
| 9:56 | Create | Villager (Male) |
| 10:03 | Build | Farm |
| 10:04 | Build | Farm |
| 10:08 | Build | Farm |
| 10:20 | Build | Farm |
| 10:32 | Build | Farm |
| 10:51 | Research | Feudal Age |
| 11:40 | Build | House |
| 11:44 | Build | House |
| 12:19 | Create | Villager (Male) |
| 12:19 | Create | Villager (Male) |
| 12:30 | Create | Villager (Male) |
| 12:51 | Build | House |
| 12:55 | Build | House |
| 13:05 | Create | Villager (Male) |
| 13:14 | Age | Feudal Age |
| 13:18 | Build | Market |
| 13:28 | Build | Blacksmith |
| 13:30 | Create | Villager (Male) |
| 14:12 | Research | Castle Age |
| 14:48 | Research | Horse Collar |
| 14:55 | Build | Farm |
| 15:07 | Build | Farm |
| 15:19 | Build | Farm |
| 15:42 | Build | Farm |
| 15:42 | Build | Farm |
| 15:43 | Build | Farm |
| 16:10 | Build | Farm |
| 16:11 | Build | Farm |
| 16:14 | Build | Farm |
| 16:17 | Build | Farm |
| 16:45 | Build | Farm |
| 17:09 | Age | Castle Age |
| 17:15 | Create | Villager (Male) |
| 17:15 | Create | Villager (Male) |
| 17:22 | Build | Monastery |
| 17:29 | Build | Siege Workshop |
| 18:05 | Create | Villager (Male) |
| 18:22 | Build | Barracks |
| 18:39 | Research | Imperial Age |
| 18:39 | Research | Imperial Age |
| 19:20 | Build | Mining Camp |
| 19:36 | Build | Archery Range |
| 20:05 | Research | Padded Archer Armor |
| 20:58 | Build | Archery Range |
| 21:28 | Build | Archery Range |
| 21:49 | Age | Imperial Age |
| 21:50 | Create | Villager (Male) |
| 21:50 | Create | Villager (Male) |
| 21:52 | Create | Villager (Male) |
| 22:19 | Create | Bombard Cannon |
| 22:24 | Create | Hand Cannoneer ×5 |
| 22:25 | Create | Hand Cannoneer ×5 |
| 22:41 | Build | Gate |
| 22:52 | Create | Villager (Male) |
| 22:52 | Create | Villager (Male) |
| 23:33 | Build | House |
| 23:35 | Build | House |
| 23:43 | Build | House |
| 23:47 | Build | House |
| 23:49 | Build | House |
| 24:00 | Create | Villager (Male) |
| 24:00 | Create | Villager (Male) |
| 24:10 | Research | Wheelbarrow |
| 24:19 | Create | Hand Cannoneer |
| 24:20 | Create | Hand Cannoneer |
| 24:20 | Create | Hand Cannoneer |
| 24:35 | Create | Bombard Cannon |
| 24:35 | Create | Bombard Cannon |
| 25:36 | Build | Town Center |
| 26:08 | Create | Hand Cannoneer ×5 |
| 26:08 | Create | Hand Cannoneer ×5 |
| 26:12 | Create | Villager (Male) |
| 26:12 | Create | Villager (Male) |
| 26:12 | Create | Villager (Male) |
| 26:12 | Create | Villager (Male) |
| 26:13 | Create | Villager (Male) |
| 26:14 | Create | Villager (Male) |
| 26:14 | Create | Villager (Male) |
| 27:16 | Research | Leather Archer Armor |
| 30:19 | Create | Hand Cannoneer ×5 |
| 30:19 | Create | Hand Cannoneer ×5 |
| 30:26 | Create | Villager (Male) |
| 30:26 | Create | Villager (Male) |
| 30:26 | Create | Villager (Male) |
| 30:28 | Create | Villager (Male) |
| 30:28 | Create | Villager (Male) |
| 30:32 | Create | Bombard Cannon |
| 30:33 | Create | Bombard Cannon |
| 30:52 | Build | Town Center |
| 31:15 | Build | Stable |
| 31:16 | Build | Stable |
| 32:00 | Create | Villager (Male) |
| 32:00 | Create | Villager (Male) |
| 32:00 | Create | Villager (Male) |
| 32:01 | Create | Villager (Male) |
| 32:02 | Research | Hand Cart |
| 32:10 | Create | Villager (Male) |
| 32:11 | Create | Villager (Male) |
| 32:11 | Create | Villager (Male) |
| 32:11 | Create | Villager (Male) |
| 32:16 | Build | Farm |
| 32:16 | Build | Farm |
| 32:16 | Build | Farm |
| 32:21 | Research | Double-Bit Axe |
Build order — Nemerox
First 150 of 581 actions detected
| 0:01 | Create | Villager (Male) |
| 0:02 | Create | Villager (Male) |
| 0:02 | Create | Villager (Male) |
| 0:06 | Build | House |
| 0:10 | Build | House |
| 0:13 | Create | Villager (Male) |
| 1:30 | Create | Villager (Male) |
| 1:31 | Create | Villager (Male) |
| 1:56 | Build | Lumber Camp |
| 2:09 | Create | Villager (Male) |
| 2:09 | Create | Villager (Male) |
| 3:07 | Create | Villager (Male) |
| 3:07 | Create | Villager (Male) |
| 3:07 | Create | Villager (Male) |
| 4:01 | Create | Villager (Male) |
| 4:02 | Create | Villager (Male) |
| 4:07 | Create | Villager (Male) |
| 4:07 | Create | Villager (Male) |
| 4:25 | Build | House |
| 4:49 | Create | Villager (Male) |
| 4:49 | Create | Villager (Male) |
| 4:49 | Create | Villager (Male) |
| 4:50 | Create | Villager (Male) |
| 5:02 | Build | Mill |
| 6:04 | Create | Villager (Male) |
| 6:05 | Create | Villager (Male) |
| 6:32 | Build | House |
| 6:35 | Build | House |
| 6:55 | Create | Villager (Male) |
| 6:55 | Create | Villager (Male) |
| 6:55 | Create | Villager (Male) |
| 7:53 | Create | Villager (Male) |
| 8:44 | Research | Feudal Age |
| 8:49 | Build | Mining Camp |
| 10:05 | Create | Villager (Male) |
| 10:05 | Create | Villager (Male) |
| 10:05 | Create | Villager (Male) |
| 10:54 | Age | Feudal Age |
| 11:22 | Build | Market |
| 11:27 | Build | Blacksmith |
| 12:09 | Create | Villager (Male) |
| 12:16 | Build | Lumber Camp |
| 12:40 | Research | Castle Age |
| 12:41 | Research | Castle Age |
| 13:12 | Research | Double-Bit Axe |
| 13:18 | Research | Horse Collar |
| 13:28 | Build | Farm |
| 13:29 | Build | Farm |
| 13:30 | Build | Farm |
| 13:50 | Build | Farm |
| 14:01 | Build | Farm |
| 14:22 | Build | Farm |
| 14:30 | Research | Wheelbarrow |
| 14:36 | Create | Villager (Male) |
| 14:50 | Build | Farm |
| 14:58 | Build | Farm |
| 15:04 | Build | Farm |
| 15:12 | Build | Farm |
| 15:20 | Age | Castle Age |
| 15:22 | Build | Farm |
| 15:24 | Create | Villager (Male) |
| 15:43 | Research | Bow Saw |
| 15:43 | Research | Bow Saw |
| 16:05 | Build | Town Center |
| 16:16 | Create | Villager (Male) |
| 16:38 | Research | Heavy Plow |
| 17:10 | Build | House |
| 17:11 | Build | House |
| 17:12 | Build | House |
| 17:18 | Build | House |
| 17:19 | Build | House |
| 17:21 | Build | House |
| 17:22 | Build | House |
| 17:22 | Build | House |
| 17:28 | Create | Villager (Male) |
| 17:46 | Create | Villager (Male) |
| 17:53 | Create | Villager (Male) |
| 17:53 | Create | Villager (Male) |
| 17:53 | Create | Villager (Male) |
| 18:01 | Create | Villager (Male) |
| 18:02 | Create | Villager (Male) |
| 18:26 | Build | Town Center |
| 18:34 | Create | Villager (Male) |
| 18:35 | Create | Villager (Male) |
| 18:35 | Create | Villager (Male) |
| 18:46 | Build | Farm |
| 18:52 | Build | Farm |
| 18:56 | Build | Farm |
| 19:16 | Build | Farm |
| 19:18 | Create | Villager (Male) |
| 19:19 | Create | Villager (Male) |
| 19:24 | Create | Villager (Male) |
| 19:35 | Create | Villager (Male) |
| 19:36 | Create | Villager (Male) |
| 19:39 | Create | Villager (Male) |
| 19:39 | Create | Villager (Male) |
| 19:54 | Create | Villager (Male) |
| 19:54 | Create | Villager (Male) |
| 19:54 | Create | Villager (Male) |
| 20:03 | Build | Farm |
| 20:03 | Build | Farm |
| 20:03 | Build | Farm |
| 20:04 | Build | Farm |
| 20:04 | Build | Farm |
| 20:10 | Create | Villager (Male) |
| 20:10 | Create | Villager (Male) |
| 20:11 | Create | Villager (Male) |
| 20:24 | Build | Farm |
| 20:27 | Build | Farm |
| 20:30 | Create | Villager (Male) |
| 20:30 | Create | Villager (Male) |
| 20:36 | Create | Villager (Male) |
| 20:37 | Create | Villager (Male) |
| 20:45 | Create | Villager (Male) |
| 20:45 | Create | Villager (Male) |
| 20:51 | Build | Farm |
| 20:51 | Build | Farm |
| 20:52 | Build | Farm |
| 20:52 | Build | Farm |
| 20:58 | Create | Villager (Male) |
| 20:58 | Create | Villager (Male) |
| 21:00 | Create | Villager (Male) |
| 21:00 | Create | Villager (Male) |
| 21:09 | Create | Villager (Male) |
| 21:09 | Create | Villager (Male) |
| 21:14 | Create | Villager (Male) |
| 21:15 | Create | Villager (Male) |
| 21:24 | Create | Villager (Male) |
| 21:24 | Create | Villager (Male) |
| 21:28 | Create | Villager (Male) |
| 21:29 | Create | Villager (Male) |
| 21:42 | Build | Town Center |
| 21:43 | Create | Villager (Male) |
| 21:43 | Create | Villager (Male) |
| 21:44 | Create | Villager (Male) |
| 21:47 | Create | Villager (Male) |
| 21:47 | Create | Villager (Male) |
| 21:48 | Create | Villager (Male) |
| 21:49 | Create | Villager (Male) |
| 21:57 | Create | Villager (Male) |
| 21:57 | Create | Villager (Male) |
| 22:04 | Create | Villager (Male) |
| 22:04 | Create | Villager (Male) |
| 22:07 | Create | Villager (Male) |
| 22:36 | Create | Villager (Male) |
| 22:36 | Create | Villager (Male) |
| 22:37 | Create | Villager (Male) |
| 22:37 | Create | Villager (Male) |
| 22:38 | Create | Villager (Male) |
| 22:44 | Create | Villager (Male) |
Build order — [TP] TheZizar
First 150 of 284 actions detected
| 0:01 | Create | Villager (Male) |
| 0:01 | Create | Villager (Male) |
| 0:01 | Create | Villager (Male) |
| 0:02 | Create | Villager (Male) |
| 0:02 | Create | Villager (Male) |
| 0:04 | Build | House |
| 0:06 | Build | House |
| 1:23 | Create | Villager (Male) |
| 1:24 | Create | Villager (Male) |
| 2:01 | Create | Villager (Male) |
| 2:01 | Create | Villager (Male) |
| 2:40 | Create | Villager (Male) |
| 2:40 | Create | Villager (Male) |
| 2:41 | Create | Villager (Male) |
| 2:44 | Build | Lumber Camp |
| 3:26 | Create | Villager (Male) |
| 3:27 | Create | Villager (Male) |
| 3:37 | Build | House |
| 3:49 | Create | Villager (Male) |
| 3:49 | Create | Villager (Male) |
| 3:50 | Create | Villager (Male) |
| 4:48 | Build | Mill |
| 4:53 | Create | Villager (Male) |
| 4:53 | Create | Villager (Male) |
| 4:54 | Create | Villager (Male) |
| 5:22 | Create | Villager (Male) |
| 5:23 | Create | Villager (Male) |
| 5:47 | Create | Villager (Male) |
| 5:47 | Create | Villager (Male) |
| 6:11 | Build | House |
| 6:46 | Create | Villager (Male) |
| 6:46 | Create | Villager (Male) |
| 6:47 | Create | Villager (Male) |
| 6:47 | Create | Villager (Male) |
| 6:47 | Create | Villager (Male) |
| 8:06 | Research | Feudal Age |
| 8:14 | Build | Mining Camp |
| 9:45 | Create | Villager (Male) |
| 9:45 | Create | Villager (Male) |
| 10:20 | Build | Barracks |
| 10:36 | Age | Feudal Age |
| 10:57 | Build | Blacksmith |
| 11:14 | Build | Market |
| 11:39 | Create | Villager (Male) |
| 12:06 | Research | Castle Age |
| 12:16 | Build | House |
| 12:31 | Research | Double-Bit Axe |
| 12:41 | Build | Farm |
| 12:42 | Build | Farm |
| 12:43 | Build | Farm |
| 13:08 | Build | Farm |
| 13:22 | Build | Farm |
| 13:27 | Build | Farm |
| 13:42 | Create | Villager (Male) |
| 14:10 | Create | Villager (Male) |
| 14:30 | Build | Stable |
| 14:46 | Age | Castle Age |
| 14:50 | Create | Villager (Male) |
| 14:55 | Build | Town Center |
| 15:11 | Build | House |
| 15:19 | Build | House |
| 15:23 | Build | Farm |
| 15:24 | Create | Villager (Male) |
| 15:29 | Create | Knight |
| 15:29 | Create | Knight |
| 15:54 | Build | Farm |
| 15:55 | Create | Villager (Male) |
| 15:57 | Create | Villager (Male) |
| 16:02 | Research | Bow Saw |
| 16:11 | Build | Farm |
| 16:28 | Create | Villager (Male) |
| 16:31 | Build | Farm |
| 16:34 | Create | Villager (Male) |
| 17:08 | Create | Villager (Male) |
| 17:12 | Build | Farm |
| 17:13 | Create | Villager (Male) |
| 17:22 | Create | Villager (Male) |
| 17:27 | Build | Farm |
| 17:29 | Build | Farm |
| 17:31 | Build | Farm |
| 17:38 | Build | Farm |
| 17:39 | Create | Villager (Male) |
| 17:46 | Build | Farm |
| 17:50 | Build | Farm |
| 17:53 | Create | Villager (Male) |
| 17:57 | Build | Farm |
| 18:04 | Build | House |
| 18:05 | Build | House |
| 18:30 | Create | Villager (Male) |
| 18:31 | Build | Farm |
| 18:33 | Create | Villager (Male) |
| 18:47 | Build | Town Center |
| 18:51 | Build | House |
| 18:53 | Create | Villager (Male) |
| 18:58 | Build | Farm |
| 19:02 | Create | Villager (Male) |
| 19:04 | Create | Villager (Male) |
| 19:39 | Build | Farm |
| 19:39 | Create | Villager (Male) |
| 19:41 | Create | Villager (Male) |
| 20:15 | Create | Villager (Male) |
| 20:17 | Build | Farm |
| 20:18 | Build | Farm |
| 20:20 | Create | Villager (Male) |
| 20:21 | Create | Villager (Male) |
| 20:21 | Create | Villager (Male) |
| 21:20 | Create | Villager (Male) |
| 21:21 | Create | Villager (Male) |
| 21:22 | Create | Villager (Male) |
| 21:22 | Create | Villager (Male) |
| 21:57 | Create | Villager (Male) |
| 21:57 | Create | Villager (Male) |
| 22:00 | Create | Villager (Male) |
| 22:00 | Create | Villager (Male) |
| 22:03 | Build | Farm |
| 22:05 | Build | Farm |
| 22:11 | Create | Villager (Male) |
| 22:12 | Create | Villager (Male) |
| 22:13 | Create | Villager (Male) |
| 22:13 | Create | Villager (Male) |
| 22:16 | Create | Villager (Male) |
| 22:20 | Build | House |
| 23:14 | Create | Knight ×5 |
| 23:27 | Build | Stable |
| 23:29 | Build | Stable |
| 23:32 | Build | Farm |
| 23:33 | Build | Farm |
| 23:36 | Build | Farm |
| 23:37 | Build | Farm |
| 23:40 | Create | Villager (Male) |
| 23:40 | Create | Villager (Male) |
| 23:42 | Create | Villager (Male) |
| 23:42 | Create | Villager (Male) |
| 23:45 | Build | Farm |
| 23:50 | Build | House |
| 23:53 | Build | House |
| 24:31 | Build | Farm |
| 24:31 | Create | Villager (Male) |
| 24:31 | Create | Villager (Male) |
| 24:34 | Create | Villager (Male) |
| 24:34 | Create | Villager (Male) |
| 24:35 | Create | Villager (Male) |
| 24:36 | Create | Villager (Male) |
| 24:50 | Build | Mining Camp |
| 24:52 | Build | Farm |
| 25:01 | Research | Husbandry |
| 25:03 | Create | Knight ×5 |
| 25:17 | Build | House |
| 26:01 | Build | Farm |
| 26:02 | Build | Farm |
Build order — Liiiii
First 150 of 391 actions detected
| 0:01 | Create | Villager (Male) |
| 0:01 | Create | Villager (Male) |
| 0:01 | Create | Villager (Male) |
| 0:02 | Build | House |
| 0:04 | Build | House |
| 0:07 | Create | Villager (Male) |
| 0:07 | Create | Villager (Male) |
| 1:26 | Create | Villager (Male) |
| 1:27 | Create | Villager (Male) |
| 1:49 | Build | Lumber Camp |
| 1:52 | Create | Villager (Male) |
| 1:53 | Create | Villager (Male) |
| 2:33 | Create | Villager (Male) |
| 2:33 | Create | Villager (Male) |
| 2:54 | Create | Villager (Male) |
| 2:54 | Create | Villager (Male) |
| 3:04 | Create | Villager (Male) |
| 3:04 | Create | Villager (Male) |
| 3:51 | Build | House |
| 4:12 | Create | Villager (Male) |
| 4:12 | Create | Villager (Male) |
| 4:15 | Create | Villager (Male) |
| 4:15 | Create | Villager (Male) |
| 4:15 | Create | Villager (Male) |
| 4:22 | Build | House |
| 5:08 | Build | Mill |
| 5:10 | Create | Villager (Male) |
| 5:11 | Create | Villager (Male) |
| 5:54 | Create | Villager (Male) |
| 5:55 | Create | Villager (Male) |
| 5:55 | Create | Villager (Male) |
| 7:41 | Create | Villager (Male) |
| 7:41 | Create | Villager (Male) |
| 8:06 | Research | Feudal Age |
| 8:12 | Build | Mining Camp |
| 8:28 | Build | Farm |
| 8:35 | Build | Farm |
| 9:30 | Create | Villager (Male) |
| 9:31 | Create | Villager (Male) |
| 9:31 | Create | Villager (Male) |
| 10:01 | Build | Farm |
| 10:41 | Age | Feudal Age |
| 10:47 | Build | Market |
| 11:35 | Create | Villager (Male) |
| 11:40 | Build | House |
| 12:22 | Build | Blacksmith |
| 12:25 | Create | Villager (Male) |
| 12:50 | Research | Castle Age |
| 12:50 | Research | Castle Age |
| 13:12 | Research | Double-Bit Axe |
| 13:12 | Research | Double-Bit Axe |
| 14:07 | Create | Villager (Male) |
| 14:07 | Create | Villager (Male) |
| 14:23 | Build | House |
| 14:38 | Create | Villager (Male) |
| 15:19 | Build | Farm |
| 15:30 | Age | Castle Age |
| 15:34 | Build | Town Center |
| 15:42 | Build | Town Center |
| 16:06 | Build | Monastery |
| 16:13 | Build | House |
| 16:29 | Build | Town Center |
| 16:32 | Create | Villager (Male) |
| 16:41 | Build | Farm |
| 16:42 | Build | Farm |
| 16:44 | Build | Farm |
| 16:45 | Build | Farm |
| 16:49 | Create | Villager (Male) |
| 16:52 | Create | Villager (Male) |
| 16:53 | Create | Monk |
| 17:02 | Build | House |
| 17:08 | Build | Farm |
| 17:10 | Build | Farm |
| 17:29 | Create | Villager (Male) |
| 17:29 | Create | Villager (Male) |
| 17:32 | Create | Villager (Male) |
| 17:34 | Create | Villager (Male) |
| 17:34 | Create | Villager (Male) |
| 17:34 | Create | Villager (Male) |
| 17:37 | Build | Farm |
| 17:39 | Build | Farm |
| 17:48 | Build | House |
| 18:03 | Create | Villager (Male) |
| 18:03 | Create | Villager (Male) |
| 18:04 | Create | Villager (Male) |
| 18:10 | Research | Bow Saw |
| 18:10 | Research | Bow Saw |
| 18:23 | Build | House |
| 18:28 | Create | Villager (Male) |
| 18:28 | Create | Villager (Male) |
| 18:33 | Build | Farm |
| 18:34 | Create | Villager (Male) |
| 18:45 | Build | Farm |
| 18:54 | Build | House |
| 18:56 | Build | House |
| 19:06 | Build | Farm |
| 19:07 | Create | Villager (Male) |
| 19:09 | Create | Villager (Male) |
| 19:10 | Create | Villager (Male) |
| 19:26 | Create | Villager (Male) |
| 19:26 | Create | Villager (Male) |
| 19:34 | Build | Farm |
| 19:40 | Create | Villager (Male) |
| 19:41 | Create | Villager (Male) |
| 19:41 | Create | Villager (Male) |
| 19:47 | Build | Farm |
| 19:50 | Build | Farm |
| 19:55 | Build | Farm |
| 19:59 | Build | Farm |
| 20:02 | Create | Villager (Male) |
| 20:02 | Create | Villager (Male) |
| 20:07 | Build | House |
| 20:11 | Build | Barracks |
| 20:15 | Create | Villager (Male) |
| 20:15 | Create | Villager (Male) |
| 20:15 | Create | Villager (Male) |
| 20:26 | Build | Farm |
| 20:31 | Create | Villager (Male) |
| 20:31 | Create | Villager (Male) |
| 20:39 | Create | Villager (Male) |
| 20:39 | Create | Villager (Male) |
| 20:41 | Create | Villager (Male) |
| 20:41 | Create | Villager (Male) |
| 20:50 | Build | Farm |
| 20:54 | Create | Villager (Male) |
| 20:55 | Create | Villager (Male) |
| 21:06 | Create | Villager (Male) |
| 21:06 | Create | Villager (Male) |
| 21:10 | Research | Loom |
| 21:13 | Build | Farm |
| 21:14 | Create | Villager (Male) |
| 21:14 | Create | Villager (Male) |
| 21:16 | Create | Villager (Male) |
| 21:16 | Create | Villager (Male) |
| 21:24 | Create | Villager (Male) |
| 21:24 | Create | Villager (Male) |
| 21:24 | Create | Villager (Male) |
| 21:43 | Create | Monk |
| 21:48 | Create | Villager (Male) |
| 21:48 | Create | Villager (Male) |
| 21:51 | Build | Farm |
| 21:56 | Build | House |
| 22:04 | Build | House |
| 22:34 | Build | Farm |
| 22:48 | Create | Villager (Male) |
| 22:49 | Create | Villager (Male) |
| 22:49 | Create | Villager (Male) |
| 22:53 | Build | Farm |
| 22:56 | Build | House |
| 23:02 | Build | Stable |
Build order — islesofurth
First 150 of 308 actions detected
| 0:01 | Research | Loom |
| 0:03 | Build | House |
| 0:05 | Build | House |
| 0:07 | Build | House |
| 0:08 | Create | Villager (Male) ×4 |
| 1:45 | Create | Villager (Male) |
| 1:45 | Create | Villager (Male) |
| 2:05 | Create | Villager (Male) |
| 2:05 | Create | Villager (Male) |
| 2:37 | Create | Villager (Male) |
| 2:37 | Create | Villager (Male) |
| 2:37 | Create | Villager (Male) |
| 3:00 | Create | Villager (Male) |
| 3:00 | Create | Villager (Male) |
| 3:31 | Create | Villager (Male) |
| 3:32 | Create | Villager (Male) |
| 3:32 | Create | Villager (Male) |
| 4:08 | Create | Villager (Male) |
| 4:08 | Create | Villager (Male) |
| 4:09 | Create | Villager (Male) |
| 4:09 | Create | Villager (Male) |
| 4:37 | Create | Villager (Male) |
| 4:37 | Create | Villager (Male) |
| 4:37 | Create | Villager (Male) |
| 4:37 | Create | Villager (Male) |
| 5:32 | Create | Villager (Male) |
| 5:32 | Create | Villager (Male) |
| 5:32 | Create | Villager (Male) |
| 6:15 | Create | Villager (Male) |
| 6:15 | Create | Villager (Male) |
| 6:44 | Build | House |
| 6:45 | Build | House |
| 6:46 | Build | House |
| 7:07 | Build | Mill |
| 8:14 | Build | Mill |
| 8:16 | Build | Palisade Wall |
| 8:20 | Build | Palisade Wall |
| 8:23 | Build | Palisade Wall |
| 8:46 | Build | Lumber Camp |
| 9:02 | Create | Villager (Male) |
| 9:02 | Create | Villager (Male) |
| 9:09 | Build | House |
| 9:11 | Build | House |
| 9:17 | Build | House |
| 9:50 | Research | Feudal Age |
| 10:00 | Build | Palisade Wall |
| 10:06 | Build | Palisade Wall |
| 11:30 | Build | Palisade Wall |
| 11:32 | Build | Palisade Wall |
| 11:34 | Build | Palisade Wall |
| 11:37 | Build | Palisade Wall |
| 11:39 | Build | Palisade Wall |
| 11:44 | Build | Palisade Wall |
| 11:58 | Create | Villager (Male) |
| 11:58 | Create | Villager (Male) |
| 12:06 | Age | Feudal Age |
| 12:14 | Build | House |
| 12:23 | Research | Double-Bit Axe |
| 12:24 | Research | Horse Collar |
| 12:42 | Create | Villager (Male) |
| 12:44 | Build | Blacksmith |
| 12:54 | Build | Market |
| 12:57 | Create | Villager (Male) |
| 13:28 | Build | Mining Camp |
| 13:44 | Create | Villager (Male) |
| 14:01 | Build | Farm |
| 14:03 | Build | Farm |
| 14:08 | Research | Castle Age |
| 14:42 | Build | Farm |
| 14:45 | Build | Farm |
| 14:47 | Build | Farm |
| 15:24 | Research | Wheelbarrow |
| 16:51 | Age | Castle Age |
| 16:59 | Create | Villager (Male) |
| 16:59 | Create | Villager (Male) |
| 17:02 | Research | Bow Saw |
| 17:04 | Research | Heavy Plow |
| 17:16 | Build | Mining Camp |
| 17:59 | Build | Castle |
| 18:39 | Create | Villager (Male) |
| 18:42 | Build | Town Center |
| 18:59 | Build | Palisade Wall |
| 19:01 | Build | Palisade Wall |
| 19:03 | Build | Palisade Wall |
| 19:13 | Build | Palisade Wall |
| 19:29 | Build | Palisade Wall |
| 19:30 | Build | Palisade Wall |
| 19:31 | Build | Palisade Wall |
| 19:36 | Build | Palisade Wall |
| 19:39 | Build | Palisade Wall |
| 19:40 | Build | Palisade Wall |
| 19:41 | Build | Palisade Wall |
| 19:42 | Build | Palisade Wall |
| 19:43 | Build | Palisade Wall |
| 19:44 | Build | Palisade Wall |
| 19:49 | Research | Hand Cart |
| 19:59 | Create | Villager (Male) |
| 19:59 | Create | Villager (Male) |
| 20:23 | Research | Gold Mining |
| 20:25 | Create | Villager (Male) |
| 20:26 | Create | Villager (Male) |
| 20:33 | Create | Villager (Male) |
| 20:33 | Create | Villager (Male) |
| 20:41 | Build | Town Center |
| 21:14 | Build | Farm |
| 21:17 | Research | Fletching |
| 21:34 | Build | University |
| 21:44 | Create | Longbowman |
| 21:44 | Create | Longbowman |
| 21:47 | Create | Villager (Male) |
| 21:47 | Create | Villager (Male) |
| 21:47 | Create | Villager (Male) |
| 22:09 | Create | Villager (Male) |
| 22:10 | Create | Villager (Male) |
| 22:13 | Create | Longbowman |
| 22:14 | Create | Longbowman |
| 22:14 | Create | Longbowman |
| 22:40 | Build | Farm |
| 22:43 | Build | Farm |
| 22:45 | Build | Farm |
| 22:51 | Build | Farm |
| 22:53 | Build | Farm |
| 22:55 | Build | Farm |
| 22:56 | Create | Villager (Male) ×2 |
| 22:58 | Create | Longbowman |
| 22:58 | Create | Longbowman |
| 22:58 | Create | Longbowman |
| 23:29 | Create | Villager (Male) ×2 |
| 24:27 | Create | Villager (Male) ×5 |
| 24:32 | Create | Longbowman ×5 |
| 26:09 | Research | Bodkin Arrow |
| 26:20 | Research | Ballistics |
| 26:30 | Create | Villager (Male) ×5 |
| 26:36 | Build | Town Center |
| 27:19 | Build | Castle |
| 27:23 | Build | Mining Camp |
| 27:40 | Research | Padded Archer Armor |
| 29:17 | Create | Longbowman ×5 |
| 29:35 | Create | Longbowman ×5 |
| 29:36 | Create | Longbowman ×5 |
| 30:17 | Create | Longbowman |
| 30:50 | Create | Villager (Male) ×5 |
| 30:56 | Research | Imperial Age |
| 31:04 | Research | Leather Archer Armor |
| 31:45 | Research | Yeomen |
| 31:46 | Create | Villager (Male) ×3 |
| 31:48 | Create | Longbowman ×2 |
| 32:23 | Build | Mill |
| 32:24 | Build | Farm |
| 32:24 | Build | Farm |
Build order — 三只蚂蚁国际集运
First 150 of 667 actions detected
| 0:04 | Create | Villager (Male) |
| 0:04 | Create | Villager (Male) |
| 0:05 | Create | Villager (Male) |
| 0:07 | Build | House |
| 0:15 | Create | Villager (Male) |
| 0:15 | Create | Villager (Male) |
| 1:14 | Research | Loom |
| 1:54 | Create | Villager (Male) |
| 1:55 | Create | Villager (Male) |
| 1:57 | Build | House |
| 1:59 | Build | House |
| 2:00 | Build | House |
| 2:21 | Create | Villager (Male) |
| 2:21 | Create | Villager (Male) |
| 2:22 | Create | Villager (Male) |
| 2:39 | Build | Lumber Camp |
| 2:50 | Create | Villager (Male) |
| 2:51 | Create | Villager (Male) |
| 3:20 | Create | Villager (Male) |
| 3:26 | Create | Villager (Male) |
| 3:27 | Create | Villager (Male) |
| 4:07 | Create | Villager (Male) |
| 4:07 | Create | Villager (Male) |
| 4:07 | Create | Villager (Male) |
| 4:38 | Create | Villager (Male) |
| 4:38 | Create | Villager (Male) |
| 4:39 | Create | Villager (Male) |
| 5:07 | Create | Villager (Male) |
| 5:07 | Create | Villager (Male) |
| 5:34 | Create | Villager (Male) |
| 5:34 | Create | Villager (Male) |
| 5:34 | Create | Villager (Male) |
| 6:23 | Create | Villager (Male) |
| 6:24 | Create | Villager (Male) |
| 6:24 | Create | Villager (Male) |
| 6:29 | Create | Villager (Male) |
| 6:29 | Create | Villager (Male) |
| 6:41 | Create | Villager (Male) |
| 6:41 | Create | Villager (Male) |
| 6:42 | Create | Villager (Male) |
| 6:42 | Create | Villager (Male) |
| 7:05 | Create | Villager (Male) |
| 7:19 | Build | Mill |
| 7:20 | Create | Villager (Male) |
| 7:21 | Create | Villager (Male) |
| 7:21 | Create | Villager (Male) |
| 8:05 | Create | Villager (Male) |
| 8:05 | Create | Villager (Male) |
| 8:15 | Create | Villager (Male) |
| 8:15 | Create | Villager (Male) |
| 8:28 | Create | Villager (Male) |
| 8:29 | Create | Villager (Male) |
| 8:29 | Create | Villager (Male) |
| 8:36 | Create | Villager (Male) |
| 8:52 | Create | Villager (Male) |
| 8:52 | Create | Villager (Male) |
| 8:58 | Build | House |
| 9:00 | Build | House |
| 9:08 | Create | Villager (Male) |
| 9:09 | Create | Villager (Male) |
| 9:35 | Research | Feudal Age |
| 9:53 | Build | Mining Camp |
| 10:04 | Build | Lumber Camp |
| 10:31 | Build | Mining Camp |
| 10:48 | Build | Farm |
| 10:50 | Build | Farm |
| 10:51 | Build | Farm |
| 10:56 | Create | Villager (Male) |
| 11:51 | Create | Villager (Male) |
| 12:19 | Age | Feudal Age |
| 12:25 | Create | Villager (Male) |
| 12:26 | Create | Villager (Male) |
| 12:30 | Build | Market |
| 12:33 | Build | Blacksmith |
| 12:36 | Create | Villager (Male) |
| 12:50 | Build | Farm |
| 12:51 | Create | Villager (Male) |
| 13:14 | Build | Farm |
| 13:20 | Build | House |
| 13:23 | Create | Villager (Male) |
| 13:29 | Build | House |
| 13:31 | Build | House |
| 13:37 | Build | Farm |
| 13:38 | Create | Villager (Male) |
| 14:01 | Create | Villager (Male) |
| 14:04 | Build | Farm |
| 14:29 | Build | Farm |
| 14:31 | Create | Villager (Male) |
| 14:57 | Build | Farm |
| 15:20 | Build | Farm |
| 15:28 | Research | Castle Age |
| 15:46 | Build | Farm |
| 15:56 | Research | Double-Bit Axe |
| 16:09 | Research | Horse Collar |
| 16:22 | Build | Barracks |
| 16:28 | Research | Fletching |
| 17:18 | Research | Padded Archer Armor |
| 17:28 | Build | Archery Range |
| 17:32 | Create | Villager (Male) |
| 18:05 | Research | Gold Mining |
| 18:16 | Create | Villager (Male) |
| 18:19 | Age | Castle Age |
| 18:30 | Build | Castle |
| 18:34 | Create | Villager (Male) |
| 18:43 | Build | Town Center |
| 18:46 | Create | Villager (Male) |
| 18:58 | Create | Villager (Male) |
| 19:18 | Research | Bodkin Arrow |
| 19:21 | Create | Villager (Male) |
| 19:22 | Create | Villager (Male) |
| 19:22 | Create | Villager (Male) |
| 19:29 | Build | Town Center |
| 19:38 | Create | Villager (Male) |
| 19:57 | Create | Villager (Male) |
| 19:57 | Create | Villager (Male) |
| 20:23 | Create | Villager (Male) |
| 20:26 | Create | Villager (Male) |
| 20:26 | Create | Villager (Male) |
| 20:44 | Create | Villager (Male) |
| 20:44 | Create | Villager (Male) |
| 20:53 | Create | Villager (Male) |
| 20:53 | Create | Villager (Male) |
| 20:55 | Create | Villager (Male) |
| 20:55 | Create | Villager (Male) |
| 21:12 | Create | Villager (Male) |
| 21:12 | Create | Villager (Male) |
| 21:12 | Create | Villager (Male) |
| 21:19 | Build | Farm |
| 21:20 | Build | Farm |
| 21:22 | Build | Farm |
| 21:23 | Build | Farm |
| 21:24 | Create | Villager (Male) |
| 21:32 | Create | Villager (Male) |
| 21:48 | Create | Conquistador |
| 21:49 | Create | Conquistador |
| 21:49 | Create | Conquistador |
| 22:00 | Build | Farm |
| 22:01 | Build | Farm |
| 22:03 | Build | Farm |
| 22:11 | Build | Farm |
| 22:12 | Create | Villager (Male) |
| 22:15 | Create | Villager (Male) |
| 22:21 | Create | Villager (Male) |
| 22:27 | Create | Villager (Male) |
| 22:27 | Create | Villager (Male) |
| 22:41 | Create | Conquistador |
| 22:41 | Create | Conquistador |
| 22:41 | Create | Conquistador |
| 22:52 | Create | Villager (Male) |
| 22:59 | Create | Villager (Male) |
Build order — the black fella
First 150 of 396 actions detected
| 0:03 | Build | House |
| 0:03 | Create | Villager (Male) |
| 0:04 | Create | Villager (Male) |
| 0:07 | Build | House |
| 0:18 | Create | Villager (Male) |
| 0:18 | Create | Villager (Male) |
| 1:31 | Create | Villager (Male) |
| 1:31 | Create | Villager (Male) |
| 2:06 | Create | Villager (Male) |
| 2:26 | Create | Villager (Male) |
| 2:40 | Create | Villager (Male) |
| 2:40 | Create | Villager (Male) |
| 3:14 | Create | Villager (Male) |
| 3:14 | Create | Villager (Male) |
| 3:14 | Create | Villager (Male) |
| 3:45 | Build | House |
| 3:47 | Build | House |
| 3:51 | Create | Villager (Male) |
| 3:52 | Create | Villager (Male) |
| 4:13 | Create | Villager (Male) |
| 4:13 | Create | Villager (Male) |
| 5:12 | Create | Villager (Male) |
| 5:12 | Create | Villager (Male) |
| 5:13 | Create | Villager (Male) |
| 5:13 | Create | Villager (Male) |
| 5:35 | Build | Settlement |
| 5:52 | Create | Villager (Male) |
| 5:52 | Create | Villager (Male) |
| 6:45 | Create | Villager (Male) ×5 |
| 6:54 | Build | Settlement |
| 7:14 | Create | Villager (Male) |
| 7:24 | Create | Villager (Male) |
| 7:25 | Create | Villager (Male) |
| 7:44 | Create | Villager (Male) |
| 8:35 | Create | Villager (Male) |
| 9:11 | Research | Feudal Age |
| 9:24 | Build | Settlement |
| 10:59 | Create | Villager (Male) |
| 10:59 | Create | Villager (Male) |
| 11:00 | Create | Villager (Male) |
| 11:49 | Age | Feudal Age |
| 11:55 | Research | Double-Bit Axe |
| 11:58 | Research | Horse Collar |
| 12:18 | Build | Farm |
| 12:19 | Build | Farm |
| 12:20 | Build | Farm |
| 12:21 | Build | Farm |
| 12:22 | Build | Farm |
| 12:28 | Build | Market |
| 12:43 | Build | Blacksmith |
| 12:52 | Build | Blacksmith |
| 12:54 | Build | House |
| 12:57 | Build | Farm |
| 13:02 | Create | Villager (Male) |
| 13:09 | Build | Farm |
| 13:14 | Build | Farm |
| 13:18 | Create | Villager (Male) |
| 13:44 | Create | Villager (Male) |
| 14:02 | Build | Settlement |
| 14:27 | Research | Castle Age |
| 14:39 | Research | Stone Mining |
| 14:57 | Build | House |
| 15:00 | Build | House |
| 15:04 | Build | Outpost |
| 15:50 | Research | Loom |
| 15:51 | Research | Wheelbarrow |
| 16:09 | Build | Outpost |
| 16:19 | Create | Villager (Male) |
| 17:07 | Age | Castle Age |
| 17:14 | Build | Monastery |
| 17:23 | Research | Heavy Plow |
| 17:25 | Research | Bow Saw |
| 17:33 | Build | Town Center |
| 18:15 | Create | Monk |
| 18:18 | Build | Monastery |
| 18:38 | Create | Villager (Male) |
| 18:38 | Create | Villager (Male) |
| 18:49 | Create | Monk |
| 18:56 | Create | Villager (Male) |
| 19:00 | Research | Gold Mining |
| 19:22 | Build | Farm |
| 19:24 | Create | Villager (Male) |
| 19:24 | Create | Villager (Male) |
| 19:46 | Build | Castle |
| 19:48 | Build | Farm |
| 19:52 | Create | Villager (Male) |
| 19:52 | Create | Villager (Male) |
| 19:53 | Create | Monk |
| 20:11 | Create | Monk |
| 20:21 | Create | Villager (Male) |
| 20:26 | Build | Town Center |
| 20:30 | Create | Villager (Male) |
| 20:30 | Create | Villager (Male) |
| 20:54 | Create | Monk |
| 21:08 | Create | Villager (Male) |
| 21:08 | Create | Villager (Male) |
| 21:18 | Build | Monastery |
| 21:21 | Create | Villager (Male) |
| 21:21 | Create | Villager (Male) |
| 21:26 | Build | Farm |
| 21:27 | Build | Farm |
| 21:27 | Build | Farm |
| 21:28 | Build | Farm |
| 21:32 | Build | Farm |
| 21:34 | Create | Villager (Male) |
| 21:34 | Create | Villager (Male) |
| 22:04 | Create | Villager (Male) |
| 22:04 | Create | Villager (Male) |
| 22:04 | Create | Villager (Male) |
| 22:32 | Build | Farm |
| 22:33 | Build | Farm |
| 22:33 | Build | Farm |
| 22:34 | Create | Villager (Male) |
| 22:34 | Create | Villager (Male) |
| 22:35 | Create | Villager (Male) |
| 22:42 | Build | House |
| 22:43 | Build | House |
| 22:43 | Build | House |
| 22:51 | Build | Farm |
| 22:51 | Build | Farm |
| 22:52 | Build | Farm |
| 22:52 | Build | Farm |
| 22:54 | Create | Villager (Male) |
| 22:54 | Create | Villager (Male) |
| 22:54 | Create | Villager (Male) |
| 22:55 | Create | Villager (Male) |
| 23:25 | Create | Villager (Male) |
| 23:28 | Create | Villager (Male) |
| 23:43 | Create | Villager (Male) |
| 23:43 | Create | Villager (Male) |
| 23:43 | Create | Villager (Male) |
| 23:45 | Build | Farm |
| 23:45 | Build | Farm |
| 23:46 | Build | Farm |
| 23:46 | Build | Farm |
| 23:46 | Build | Farm |
| 23:46 | Build | Farm |
| 23:47 | Build | Farm |
| 23:47 | Build | Farm |
| 23:47 | Build | Farm |
| 23:49 | Create | Villager (Male) |
| 23:49 | Create | Villager (Male) |
| 23:55 | Create | Villager (Male) |
| 23:56 | Create | Villager (Male) |
| 24:15 | Create | Monk |
| 24:15 | Create | Monk |
| 24:18 | Research | Sanctity |
| 24:20 | Create | Villager (Male) |
| 24:30 | Build | Town Center |
| 24:35 | Create | Villager (Male) |
Match timeline
| 8:16 | islesofurth · wall_segment Palisade Wall x1 |
| 8:20 | islesofurth · wall_segment Palisade Wall x1 |
| 8:23 | islesofurth · wall_segment Palisade Wall x1 |
| 10:00 | islesofurth · wall_segment Palisade Wall x1 |
| 10:06 | islesofurth · wall_segment Palisade Wall x1 |
| 10:20 | [TP] TheZizar · first_building Barracks |
| 10:36 | [TP] TheZizar · age_up feudal |
| 10:41 | Liiiii · age_up feudal |
| 10:51 | diudiudiu丶 · age_up feudal |
| 10:54 | Nemerox · age_up feudal |
| 11:30 | islesofurth · wall_segment Palisade Wall x1 |
| 11:32 | islesofurth · wall_segment Palisade Wall x1 |
| 11:34 | islesofurth · wall_segment Palisade Wall x1 |
| 11:37 | islesofurth · wall_segment Palisade Wall x1 |
| 11:39 | islesofurth · wall_segment Palisade Wall x1 |
| 11:44 | islesofurth · wall_segment Palisade Wall x1 |
| 11:49 | the black fella · age_up feudal |
| 12:06 | islesofurth · age_up feudal |
| 12:19 | 三只蚂蚁国际集运 · age_up feudal |
| 13:14 | [TP] Maxigaarp · age_up feudal |
| 14:30 | [TP] TheZizar · first_building Stable |
| 14:39 | diudiudiu丶 · age_up castle |
| 14:44 | diudiudiu丶 · first_building Monastery |
| 14:46 | [TP] TheZizar · age_up castle |
| 15:20 | Nemerox · age_up castle |
| 15:30 | Liiiii · age_up castle |
| 15:59 | Nemerox · first_market_buy 100 wood |
| 16:06 | Liiiii · first_building Monastery |
| 16:22 | 三只蚂蚁国际集运 · first_building Barracks |
| 16:51 | islesofurth · age_up castle |
| 17:07 | the black fella · age_up castle |
| 17:09 | [TP] Maxigaarp · age_up castle |
| 17:14 | the black fella · first_building Monastery |
| 17:22 | [TP] Maxigaarp · first_building Monastery |
| 17:28 | 三只蚂蚁国际集运 · first_building Archery Range |
| 17:29 | [TP] Maxigaarp · first_building Siege Workshop |
| 17:59 | islesofurth · first_building Castle |
| 18:19 | 三只蚂蚁国际集运 · age_up castle |
| 18:22 | [TP] Maxigaarp · first_building Barracks |
| 18:30 | 三只蚂蚁国际集运 · first_building Castle |
| 18:59 | islesofurth · wall_segment Palisade Wall x1 |
| 19:01 | islesofurth · wall_segment Palisade Wall x1 |
| 19:03 | islesofurth · wall_segment Palisade Wall x1 |
| 19:13 | islesofurth · wall_segment Palisade Wall x1 |
| 19:29 | islesofurth · wall_segment Palisade Wall x1 |
| 19:30 | islesofurth · wall_segment Palisade Wall x1 |
| 19:31 | islesofurth · wall_segment Palisade Wall x1 |
| 19:36 | islesofurth · wall_segment Palisade Wall x1 |
| 19:36 | [TP] Maxigaarp · first_building Archery Range |
| 19:39 | islesofurth · wall_segment Palisade Wall x1 |
| 19:40 | islesofurth · wall_segment Palisade Wall x1 |
| 19:41 | islesofurth · wall_segment Palisade Wall x1 |
| 19:42 | islesofurth · wall_segment Palisade Wall x1 |
| 19:43 | islesofurth · wall_segment Palisade Wall x1 |
| 19:44 | islesofurth · wall_segment Palisade Wall x1 |
| 19:46 | the black fella · first_building Castle |
| 20:11 | Liiiii · first_building Barracks |
| 21:22 | [TP] Maxigaarp · first_market_buy 100 wood |
| 21:49 | [TP] Maxigaarp · age_up imperial |
| 23:02 | Liiiii · first_building Stable |
| 25:13 | diudiudiu丶 · first_building Barracks |
| 25:23 | the black fella · first_building Siege Workshop |
| 25:53 | 三只蚂蚁国际集运 · first_market_buy 100 food |
| 25:57 | diudiudiu丶 · first_building Stable |
| 26:39 | the black fella · first_building Barracks |
| 27:15 | Nemerox · first_building Castle |
| 27:47 | diudiudiu丶 · age_up imperial |
| 28:04 | the black fella · wall_segment Palisade Wall x1 |
| 28:35 | Nemerox · first_building Barracks |
| 28:41 | diudiudiu丶 · first_building Castle |
| 29:11 | 三只蚂蚁国际集运 · age_up imperial |
| 29:21 | Liiiii · first_building Castle |
| 29:46 | Nemerox · first_market_sell 100 food |
| 30:12 | [TP] TheZizar · first_building Monastery |
| 30:32 | Nemerox · first_building Stable |
| 30:54 | islesofurth · first_market_sell 500 wood |
| 31:15 | [TP] Maxigaarp · first_building Stable |
| 32:56 | Liiiii · age_up imperial |
| 32:57 | islesofurth · first_building Barracks |
| 33:14 | Nemerox · age_up imperial |
| 33:54 | [TP] Maxigaarp · wall_segment Stone Wall x2 |
| 34:01 | [TP] TheZizar · first_market_sell 500 wood |
| 34:21 | [TP] TheZizar · age_up imperial |
| 34:25 | islesofurth · age_up imperial |
| 36:21 | diudiudiu丶 · first_building Siege Workshop |
| 36:30 | [TP] Maxigaarp · first_building Castle |
| 36:33 | [TP] TheZizar · first_building Castle |
| 36:47 | 三只蚂蚁国际集运 · first_building Stable |
| 37:53 | [TP] Maxigaarp · wall_segment Stone Wall x2 |
| 39:04 | the black fella · age_up imperial |
| 39:44 | [TP] Maxigaarp · first_market_sell 100 stone |
| 40:57 | diudiudiu丶 · first_building Archery Range |
| 42:48 | diudiudiu丶 · first_market_sell 500 stone |
| 44:43 | [TP] TheZizar · wall_segment Stone Wall x2 |
| 45:05 | the black fella · first_market_buy 100 stone |
| 47:19 | Liiiii · first_market_buy 100 stone |
| 48:59 | 三只蚂蚁国际集运 · resign |
[ AI ANALYSIS · 1 CREDIT ]
What really happened in this match?
Wolo.gg analyzes every decision: build order, eco, micro, common mistakes by bracket. Personalized analysis on WhatsApp or Discord in 30 seconds.
Civ guide
Persians
Map guide
Arena
Perfil
Jugador #24624568